 Dungeon Crawl Stone Soup version 0.30.1 (webtiles) character file.

Game seed: 15231069656390985100

451 Babbit the Conjurer (level 6, -4/47 HPs)
             Began as a Draconian Conjurer on July 9, 2023.
             Slain by Grinder (10 damage)
             ... on level 3 of the Dungeon.
             The game lasted 00:35:11 (2484 turns).

Babbit the Conjurer (Draconian Conjurer)            Turns: 2484, Time: 00:35:14

Health: -4/47      AC:  8    Str: 10    XL:     6   Next: 75%
Magic:  7/11       EV: 12    Int: 18    God:
Gold:   145        SH:  0    Dex: 11    Spells: 8/11 levels left

rFire   + . .        m - staff of fire
rCold   + . .        (no shield)
rNeg    . . .        (body armour unavailable)
rPois   .            (helmet restricted)
rElec   .            (no cloak)
rCorr   .            (no gloves)
SInv    .            c - +1 pair of boots
Will    .....        f - amulet of regeneration
Stlth   ++           s - ring of protection from cold
HPRegen 1.07/turn    (no ring)
MPRegen 0.12/turn

%: no passive effects
@: no status effects
A: AC +6, unfitting armour, cold-blooded
a: no special abilities


You were on level 3 of the Dungeon.
You visited 1 branch of the dungeon, and saw 3 of its levels.

You collected 145 gold pieces.

Inventory:

Hand Weapons
 e - a +0 dagger
Armour
 c - a +1 pair of boots (worn)
Magical Staves
 m - a staff of fire (weapon)
 p - a staff of earth
Jewellery
 f - an amulet of regeneration (around neck)
 s - a ring of protection from cold (left hand)
Scrolls
 b - a scroll of identify {unknown}
 g - a scroll of vulnerability {unknown}
 h - a scroll of immolation
 j - a scroll of enchant armour
 k - 2 scrolls of enchant weapon {unknown}
 l - a scroll of fog {unknown}
 n - a scroll of poison {unknown}
 o - a scroll of blinking {unknown}
Potions
 d - 2 potions of attraction {unknown}
 i - a potion of haste {unknown}
 q - a potion of curing {unknown}
 r - a potion of heal wounds {unknown}


   Skills:
 + Level 1.6 Fighting
 + Level 1.2 Short Blades
 + Level 2.0 Staves
 + Level 3.0 Dodging
 + Level 2.3 Stealth
 + Level 0.3 Unarmed Combat
 + Level 3.4 Spellcasting
 + Level 5.7 Conjurations


You had 8 spell levels left.
You knew the following spells:

 Your Spells              Type           Power      Damage    Failure   Level
a - Magic Dart            Conj           92%        1d7       1%          1
b - Searing Ray           Conj           46%        2d6       2%          2

Your spell library contained the following spells:

 Spells                   Type           Power      Damage    Failure   Level
 Dazzling Flash           Conj/Hex       26%        N/A       14%         3
 Slow                     Hex            12%        N/A       16%         1
 Confusing Touch          Hex            3%         N/A       43%         3
 Vampiric Draining        Necr           3%         2d6       43%         3
 Fulminant Prism          Conj/Hex       6%         3d6       43%         4
 Iskenderun's Mystic Bla  Conj/Tloc      13%        2d5       43%         4


Dungeon Overview and Level Annotations

Branches:
Dungeon (3/15)

Altars:

Annotations:
D:3 Grinder


Innate Abilities, Weirdness & Mutations

Your plain brown scales are hard. (AC +6)
You cannot fit into any form of body armour.
You are cold-blooded and may be slowed by cold attacks.


Message History

You hit Grinder but do no damage.
Grinder is severely wounded.
Grinder hits you!
Casting: Searing Ray (safe; 2% risk of failure)
Confirm with . or Enter, or press ? or * to list all spells.
Aiming: Searing Ray (safe; 2% risk of failure)
Press: ? - help, Shift-Dir - straight line, f/p - Grinder
Aim: Grinder (severely wounded, strong, 75% to hit)
The searing ray hits Grinder.
Grinder is severely wounded. (Press . to maintain the ray.) Grinder blinks!
Your magical contamination has completely faded away.
You closely miss Grinder.
Grinder is severely wounded.
Grinder hits you!
You writhe in agony.
Magic courses through your body. Grinder hits you.
* * * LOW HITPOINT WARNING * * *
Casting: Searing Ray (safe; 2% risk of failure)
Confirm with . or Enter, or press ? or * to list all spells.
Aiming: Searing Ray (safe; 2% risk of failure)
Press: ? - help, Shift-Dir - straight line, f/p - Grinder
Aim: Grinder (severely wounded, strong, 75% to hit)
The searing ray hits Grinder.
Grinder is severely wounded. (Press . to maintain the ray.) Grinder hits you!
* * * LOW HITPOINT WARNING * * *
You writhe in agony.
* * * LOW HITPOINT WARNING * * *
Casting: Searing Ray (safe; 2% risk of failure)
Confirm with . or Enter, or press ? or * to list all spells.
Restarting spell: Searing Ray (safe; 2% risk of failure)
Press: ? - help, Shift-Dir - straight line, f/p - Grinder
Aim: Grinder (severely wounded, strong, 75% to hit)
The searing ray hits Grinder.
Grinder is almost dead. (Press . to maintain the ray.) Grinder hits you!
You die...

................$# #.# #.
###....#..8....#.# .#.# #.
##...........#.# #..#..######.
#...#.....###.###..###........
#...#########†......#.....<...
#...# #........#.#########
##.## #..........# #.#
#..85......# ####
#.########..@......## #...
#...............#.## #.##
###########.......# #.#
####<.### #.# ..# #.# ..# #.#
..# #.# ..# #.# #.##


You could see Grinder (strong).

Vanquished Creatures
  Sigmund (D:3)
  A water moccasin zombie (D:3)
  A water moccasin skeleton (D:3)
  An orc priest (D:3)
  A scorpion zombie (D:3)
  A hound skeleton (D:3)
  4 adders
  A gnoll (D:1)
  2 adder skeletons (D:3)
  6 orcs (D:3)
  4 ball pythons
  7 endoplasms
  6 goblins
  6 hobgoblins
  4 jackals (D:1)
  3 kobolds
  2 quokkas
  A ball python skeleton (D:3)
  A ball python zombie (D:3)
  7 bats
  4 frilled lizards
  A quokka zombie (D:3)
  4 rats
69 creatures vanquished.

Notes
Turn   | Place    | Note
-------+----------+-------------------------------------------
     0 | D:1      | Babbit the Draconian Conjurer began the quest for the Orb.
     0 | D:1      | Reached XP level 1. HP: 14/14 MP: 3/3
   204 | D:1      | Reached XP level 2. HP: 14/20 MP: 1/5
   615 | D:1      | Reached XP level 3. HP: 26/26 MP: 3/6
   728 | D:2      | Learned a level 2 spell: Searing Ray
  1324 | D:2      | Found a faded altar of an unknown god.
  1473 | D:2      | Reached skill level 5 in Conjurations
  1473 | D:2      | Reached XP level 4. HP: 33/33 MP: 2/7
  1837 | D:3      | Reached skill level 1 in Short Blades
  1943 | D:3      | Reached XP level 5. HP: 35/39 MP: 2/9
  2156 | D:3      | Reached skill level 1 in Fighting
  2252 | D:3      | Reached skill level 1 in Staves
  2280 | D:3      | Reached XP level 6. HP: 47/47 MP: 3/10
  2302 | D:3      | Noticed Sigmund
  2313 | D:3      | Killed Sigmund
  2461 | D:3      | Noticed Grinder
  2484 | D:3      | Slain by Grinder

Illustrated notes

Levels and vault maps discovered:
D:1:      wheals_arrival_shading, layout_loops_ring
D:2:      layout_basic, ebering_ecumenical_altar_hall,
          kennysheep_generic_room_10
D:3:      layout_loops_ring, serial_undead, serial_undead_f, serial_undead_d,
          serial_undead_d, serial_undead_a, serial_undead_d, serial_undead_e,
          serial_undead_c, serial_undead_d, serial_undead_b, serial_undead_e,
          uniq_sigmund, uniq_grinder

Skill      XL: |  1  2  3  4  5  6 |
---------------+-------------------+-----
Dodging        | 2 3 |  3.0
Conjurations   | 5 |  5.7
Short Blades   | 1 |  1.2
Stealth        | 2 |  2.3
Fighting       | 1 |  1.6
Staves         | 1 2 |  2.0
Spellcasting   | 3 |  3.4
Unarmed Combat | |  0.3

Action                     |  1- 3 |  4- 6 || total
---------------------------+-------+-------++-------
  Melee: Unarmed           |    45 |       ||    45
         Tailslap          |     7 |    13 ||    20
         Dagger            |    39 |       ||    39
         Staff             |     7 |    93 ||   100
         Punch             |     1 |     1 ||     2
   Cast: Magic Dart        |    53 |    36 ||    89
         Searing Ray       |     6 |    23 ||    29
    Use: Scroll            |       |     2 ||     2
         Potion            |       |     1 ||     1
 Armour: Skin              |    34 |    41 ||    75
  Dodge: Dodged            |    74 |    70 ||   144
